 Dungeon Crawl Stone Soup version 0.29.1-15-g9cfb28693d (webtiles) character file.

Game seed: 15367745495794590438

179 Descartes the Shield-Bearer (level 5, -7/42 HPs)
             Began as a Formicid Fighter on Apr 5, 2023.
             Mangled by an orc warrior
             ... wielding a +0 short sword
              (9 damage)
             ... on level 5 of the Dungeon.
             The game lasted 00:08:55 (4051 turns).

Descartes the Shield-Bearer (Formicid Fighter)      Turns: 4051, Time: 00:08:56

Health: -7/42      AC:  8    Str: 23    XL:     5   Next: 90%
Magic:  5/5        EV:  7    Int:  7    God:
Gold:   213        SH:  0    Dex: 13    Spells: 4/4 levels left

rFire   . . .      SeeInvis +   a - +0 war axe
rCold   . . .      Faith    .   c - +0 tower shield
rNeg    . . .      Spirit   .   b - +0 scale mail
rPois   .          Reflect  .   (helmet unavailable)
rElec   .          Harm     .   (no cloak)
rCorr   .          Rampage  .   (no gloves)
Will    .....                   n - +0 pair of boots
Stlth   ..........              (no amulet)
HPRegen 0.14/turn               (no ring)
MPRegen 0.09/turn               (no ring)

@: confused, mighty
A: permanent stasis, dig shafts and tunnels, antennae 3, four strong arms
a: Dig, Shaft Self


You were on level 5 of the Dungeon.
You visited 1 branch of the dungeon, and saw 5 of its levels.

You collected 213 gold pieces.

Inventory:

Hand Weapons
 a - a +0 war axe (weapon)
Armour
 b - a +0 scale mail (worn)
 c - a +0 tower shield (worn)
 n - a +0 pair of boots (worn)
Scrolls
 f - a scroll of poison {unknown}
 h - 2 scrolls of amnesia
 j - a scroll of enchant weapon
 k - a scroll of torment
Potions
 d - a potion of might
 e - a potion of heal wounds {unknown}
 g - 2 potions of lignification {unknown}
 i - 2 potions of invisibility {unknown}
 l - 2 potions of curing {unknown}
 m - a potion of attraction {unknown}


   Skills:
 + Level 4.2 Fighting
 + Level 3.0 Axes
 + Level 4.2 Armour
 + Level 5.1 Shields
 + Level 2.4 Earth Magic


You had 4 spell levels left.
You didn't know any spells.
Your spell library contained the following spells:

 Spells                   Type           Power      Damage    Failure   Level
 Ensorcelled Hibernation  Hex/Ice        0%         N/A       100%        2
 Passwall                 Tmut/Erth      0%         N/A       100%        2
 Sublimation of Blood     Necr           0%         N/A       100%        2
 Petrify                  Tmut/Erth      1%         N/A       100%        4
 Blade Hands              Tmut           0%         N/A       100%        5
 Irradiate                Conj/Tmut      0%         3d11      100%        5
 Summon Forest            Summ/Tloc      0%         N/A       100%        5
 Summon Mana Viper        Hex/Summ       0%         N/A       100%        5
 Summon Cactus Giant      Summ           0%         N/A       100%        6
 Dragon Form              Tmut           0%         N/A       100%        7
 Swiftness                Air            Unusable   N/A       N/A         3

Dungeon Overview and Level Annotations

Branches:
Dungeon (5/15)
 Temple: D:4-7

Altars:
Okawaru
Trog


Innate Abilities, Weirdness & Mutations

You cannot be hasted, slowed, berserked, paralysed or teleported.
You can dig through walls and to a lower floor.
You have a pair of large antennae on your head. (SInv)
Your four strong arms can wield two-handed weapons with a shield.


Message History

You block the orc's attack. x2
You barely miss the orc warrior. You closely miss the orc.
You slash the orc wizard!
The orc wizard gestures at you while chanting.
You are confused.
The orc warrior hits you with a +0 short sword.
The orc warrior hits you but does no damage.
The orc wizard mumbles some strange words.
The orc wizard flickers and vanishes for a moment.
The orc hits you but does no damage.
You hit the orc warrior.
The orc warrior is lightly wounded.
You completely miss the orc wizard. You closely miss the orc wizard.
You miss the orc.
The orc wizard hits you with a +0 dagger.
The orc hits you but does no damage.
The orc wizard hits you but does no damage.
The orc warrior hits you with a +0 short sword.
The orc attacks as you move away! The orc hits you with a +0 short sword.
The orc wizard hits you but does no damage.
You closely miss the orc.
The orc is moderately wounded.
You miss the orc. You miss the orc wizard. You closely miss the orc wizard.
The orc barely misses you. The orc wizard barely misses you. x2
The orc hits you with a +0 flail.
The orc warrior hits you with a +0 short sword.
The orc wizard hits you with a +0 dagger.
The orc wizard gestures at you while chanting.
The magic dart hits you!
* * * LOW HITPOINT WARNING * * *
The orc hits you with a +0 short sword.
* * * LOW HITPOINT WARNING * * *
You feel very mighty all of a sudden.
The orc wizard hits you with a +0 dagger.
* * * LOW HITPOINT WARNING * * *
The orc hits you but does no damage. The orc hits you with a +0 short sword.
* * * LOW HITPOINT WARNING * * *
The orc wizard hits you but does no damage.
The orc warrior hits you with a +0 short sword!
You die...

...{ #......(#.#
....##.......#.#
...............+
....##.........#
....##.........#.
................#
.............#.>.
###.......######
#.....o@o....#
#.....ooo....#
#####........#
#........#
#........#
#........#
#........#
#........#
#........#


You could see an orc warrior, 2 orc wizards and 2 orcs.

Vanquished Creatures
  An iguana (D:4)
  3 adders
  2 river rats (D:4)
  A white imp (D:5)
  An ufetubus (D:5)
  3 worms (D:2)
  3 dart slugs
  4 orcs
  7 endoplasms
  3 giant cockroaches
  4 hobgoblins
  7 jackals
  6 quokkas
  4 ball pythons
  4 bats
  3 frilled lizards
  6 goblins
  8 kobolds
  6 rats
76 creatures vanquished.

Notes
Turn   | Place    | Note
-------+----------+-------------------------------------------
     0 | D:1      | Descartes the Formicid Fighter began the quest for the Orb.
     0 | D:1      | Reached XP level 1. HP: 18/18 MP: 1/1
   214 | D:1      | Reached XP level 2. HP: 13/24 MP: 2/2
   556 | D:1      | Reached skill level 1 in Earth Magic
   603 | D:1      | Reached XP level 3. HP: 26/29 MP: 3/3
  1057 | D:2      | Found a faded altar of an unknown god.
  1294 | D:2      | Reached XP level 4. HP: 37/37 MP: 4/4
  3054 | D:4      | Found an iron altar of Okawaru.
  3058 | D:4      | Reached XP level 5. HP: 36/37 MP: 5/5
  3704 | D:5      | Entered Level 5 of the Dungeon
  3744 | D:5      | Reached skill level 5 in Shields
  3957 | D:5      | Found a bloodstained altar of Trog.
  3957 | D:5      | Noticed a black bear
  3957 | D:5      | Noticed a black bear
  4043 | D:5      | Noticed an orc warrior
  4051 | D:5      | HP: 2/42 [orc/+0 short sword (2)]
  4051 | D:5      | Mangled by an orc warrior

Illustrated notes

Levels and vault maps discovered:
D:1:      minmay_arrival_four_loops, layout_loops_ring, minmay_misc_feat_rugged
D:2:      layout_loops_ring, basic_ecumenical_altar, kennysheep_path_1
D:3:      layout_loops_ring
D:4:      layout_loops_ring, kennysheep_little_box, portal_sewer_entry_b,
          minmay_strange_pillars, chequers_serial_rivers_small_3
D:5:      layout_basic, fedhas_ov_isle_minmay, trog_ov_bears_minmay,
          dk_yredelemnul_ordeal, marbit_many_paths

Skill      XL: |  1  2  3  4  5 |
---------------+----------------+-----
Earth Magic    | 1 2 |  2.4
Armour         | 4 |  4.2
Fighting       | 4 |  4.2
Shields        | 5 |  5.1
Axes           | 3 |  3.0

Action                   |  1- 3 |  4- 6 || total
-------------------------+-------+-------++-------
Melee: War axe           |    80 |   128 ||   208
 Abil: Dig               |       |     1 ||     1
  Use: Scroll            |       |     5 ||     5
       Potion            |       |     1 ||     1
Armor: Scale mail        |    37 |    50 ||    87
Dodge: Dodged            |    30 |    36 ||    66
Block: Kite shield       |    40 |    35 ||    75
       Tower shield      |       |    52 ||    52
